 Dungeon Crawl Stone Soup version 0.18.1-48-g4cf74bf (webtiles) character file.

54 Jebus the Cudgeler (level 3, -1/39 HPs)
             Began as an Ogre Berserker on Aug 27, 2016.
             Was a Believer of Trog.
             Slain by a vampire bat (2 damage)
             ... on level 2 of the Dungeon.
             The game lasted 00:01:29 (1302 turns).

Jebus the Cudgeler (Ogre Berserker)                 Turns: 1302, Time: 00:01:29

Health: -1/39      AC:  3    Str: 21 (23) XL:     3   Next: 91%
Magic:  3/3        EV: 10    Int:  4 (6)  God:    Trog [**....]
Gold:   70         SH:  0    Dex:  7 (9)  Spells: 0 memorised, 2 levels left

rFire  . . .     SeeInvis .     a - +0 mace
rCold  . . .     Gourm    .     g - +0 robe
rNeg   . . .     Faith    .     (no shield)
rPois  .         Spirit   .     (helmet restricted)
rElec  .         Dismiss  .     (no cloak)
rCorr  .         Reflect  .     (gloves unavailable)
SustAt .         Harm     .     (boots unavailable)
MR     .....                    (no amulet)
Stlth  +.........               (no ring)
                                (no ring)

@: not resistant to hostile enchantments, very unstealthy
A: unfitting armour, tough skin 1
a: Berserk, Trog's Hand, Burn Spellbooks, Renounce Religion


You were on level 2 of the Dungeon.
You worshipped Trog.
Trog was pleased with you.
You were not hungry.

You visited 1 branch of the dungeon, and saw 2 of its levels.

You collected 70 gold pieces.

Inventory:

Hand Weapons
 a - a +0 mace (weapon)
Armour
 g - a +0 robe (worn)
Scrolls
 d - a scroll of teleportation {unknown}
 e - a scroll of enchant armour {unknown}
 i - a scroll of recharging {unknown}
Potions
 f - a potion of degeneration
 h - a potion of flight {unknown}
Comestibles
 b - a beef jerky
 c - 3 bread rations


   Skills:
 - Level 4.0 Fighting
 + Level 6.2 Maces & Flails
 - Level 2.6 Dodging


You had 2 spell levels left.
You didn't know any spells.

Dungeon Overview and Level Annotations

Branches:
Dungeon (2/15)

Altars:
Kikubaaqudgha


Innate Abilities, Weirdness & Mutations

You are too large for most types of armour.
You have tough skin (AC +1).


Message History

* * * LOW HITPOINT WARNING * * *
The vampire bat completely misses you. The vampire bat closely misses you.
The vampire bat closely misses you. The vampire bat bites you.
* * * LOW HITPOINT WARNING * * *
The vampire bat draws strength from your injuries!
The vampire bat closely misses you. x2
The vampire bat bites you.
* * * LOW HITPOINT WARNING * * *
The vampire bat bites you.
* * * LOW HITPOINT WARNING * * *
The vampire bat draws strength from your injuries!
The vampire bat barely misses you.
Drink which item? (? for menu, Esc to quit)
It was a potion of degeneration.
There was something very wrong with that liquid.
You feel weakened.
You feel dopey.
You feel clumsy. The vampire bat bites you.
You die...

###########
#####.........#
...##.#####'''##
......# ##.....##
...######.⌠.#.⌠.##
#.## #.#.#.#.#@#
#.# ####..#.⌠.#bb#
#.# #.##.#.#.#.#.#
#.###.###.⌠.#.⌠.##
......##.#.#.#.#.##
#.###.#.⌠.#.⌠.#.⌠.#
#.# #.##.#.#.#b#.##
#.# ###.#.⌠.#.⌠.#.#
#.# ##.#.#.#.#.##


You could see 2 vampire bats.

Vanquished Creatures
  A worm (D:2)
  A dart slug (D:1)
  6 bats (D:1)
  4 bat skeletons (D:2)
  3 bat zombies (D:2)
  2 giant cockroaches (D:1)
  5 goblins (D:1)
  3 hobgoblins
  8 kobolds (D:1)
  A quokka (D:2)
  A ball python (D:2)
  4 giant newts (D:1)
  6 rats (D:1)
45 creatures vanquished.

Vanquished Creatures (others)
  A rat (D:1)
1 creature vanquished.

Grand Total: 46 creatures vanquished

Notes
Turn   | Place    | Note
--------------------------------------------------------------
     0 | D:1      | Jebus the Ogre Berserker began the quest for the Orb.
     0 | D:1      | Reached XP level 1. HP: 24/24 MP: 1/1
    51 | D:1      | Reached XP level 2. HP: 30/32 MP: 2/2
   224 | D:1      | Reached skill level 5 in Maces & Flails
   368 | D:1      | Reached ** piety under Trog
   383 | D:1      | Reached XP level 3. HP: 19/39 MP: 3/3
  1203 | D:2      | Reached skill level 6 in Maces & Flails
  1271 | D:2      | Found an ancient bone altar of Kikubaaqudgha.
  1301 | D:2      | HP: 1/39 [vampire bat (1)]
  1302 | D:2      | Slain by a vampire bat

Skill      XL: |  1  2  3 |
---------------+----------+-----
Maces & Flails | 5 6 |  6.2
Fighting       | |  4.0
Dodging        | |  2.6

Action                   || total
-------------------------++-------
Melee: Mace              ||   136
  Use: Potion            ||     1
 Stab: Sleeping          ||     1
  Eat: Chunk             ||     1
Armor: Animal skin       ||    11
       Robe              ||    58
Dodge: Dodged            ||   106
